 Dungeon Crawl Stone Soup version 0.20.0-7-g3b7b877 (webtiles) character file.

1651 Jerry the Cleaver (level 8, 73/73 HPs)
             Began as a Minotaur Berserker on May 29, 2017.
             Was a Believer of Trog (penitent).
             Quit the game on level 5 of the Dungeon.
             The game lasted 00:14:02 (5447 turns).

Jerry the Cleaver (Minotaur Berserker)              Turns: 5447, Time: 00:14:02

Health: 73/73      AC:  7    Str: 22    XL:     8   Next: 68%
Magic:  7/7        EV: 11    Int:  5    God:    Trog [*]
Gold:   65         SH:  0    Dex: 11    Spells: 5/7 levels left

rFire    . . .     SeeInvis .   a - +0 hand axe
rCold    . . .     Gourm    .   (no shield)
rNeg     . . .     Faith    .   d - +1 ring mail
rPois    .         Spirit   .   (helmet restricted)
rElec    .         Reflect  .   (no cloak)
rCorr    .         Harm     .   (no gloves)
MR       .....                  (no boots)
Stlth    +.........             (no amulet)
Regen    0.3/turn               (no ring)
MPRegen  0.1/turn               (no ring)

@: no status effects
A: retaliatory headbutt, horns 2
a: Burn Spellbooks, Renounce Religion


You were on level 5 of the Dungeon.
You worshipped Trog.
Trog was demanding penance.
You were not hungry.

You visited 1 branch of the dungeon, and saw 5 of its levels.

You collected 257 gold pieces.
You spent 192 gold pieces at shops.

Inventory:

Hand Weapons
 a - a +0 hand axe (weapon)
Armour
 d - a +1 ring mail (worn)
Wands
 q - a wand of flame (17/48)
 v - a wand of flame (26/48)
Scrolls
 e - 2 scrolls of enchant armour
 g - 3 scrolls of blinking
 h - a scroll of remove curse
 i - 7 scrolls of identify {unknown}
 k - a scroll of immolation {unknown}
 n - a scroll of noise {unknown}
 p - 2 scrolls of teleportation {unknown}
 s - a scroll of magic mapping {unknown}
 w - a scroll of fog {unknown}
 y - a scroll of amnesia {unknown}
 A - a scroll of enchant weapon {unknown}
Potions
 j - a potion of might
 l - 2 potions of agility
 m - a potion of cancellation {unknown}
 o - a potion of brilliance {unknown}
 r - 4 potions of curing
 u - 3 potions of heal wounds
 x - a potion of lignification {unknown}
Comestibles
 b - a fruit
 c - 4 bread rations
 f - 2 meat rations
 t - a chunk of flesh


   Skills:
 + Level 7.4 Fighting
 * Level 10.0 Axes
 + Level 7.2 Armour
 - Level 2.1 Dodging


You had 5 spell levels left.
You knew the following spells:

 Your Spells              Type           Power        Failure   Level  Hunger
a - Animate Skeleton      Necr           N/A          63%         1    ##.....
b - Apportation           Tloc           #.....       63%         1    ##.....


Dungeon Overview and Level Annotations

Branches:
Dungeon (5/15)
 Temple: D:4-7

Altars:
Qazlal

Shops:
D:4 **!

Annotations:
D:5 Crazy Yiuf


Innate Abilities, Weirdness & Mutations

You reflexively headbutt those who attack you in melee.
You have a pair of horns on your head.


Message History

Eat one of 4 chunks of flesh? (ye/n/q)
You eat one of the 4 chunks of flesh.
This raw flesh tastes terrible.
You are feeling very hungry.
You start resting.
Eating one of 3 chunks of flesh.
You eat one of the 3 chunks of flesh.
This raw flesh tastes terrible.
HP restored.
t - 2 chunks of flesh
Things that are here:
an uncursed shortbow; 11 arrows; a centaur skeleton Eating one of 2 chunks of flesh.
You eat one of the 2 chunks of flesh.
This raw flesh tastes terrible.
As you open the door, it creaks loudly!
Crazy Yiuf the Enlightened comes into view.
He is wielding a quarterstaff of chaos.
Crazy Yiuf shouts!
Crazy Yiuf yells, "Liver!
Ghoul sanguine cloud."
Found a mace.
Okay, then.
You aren't carrying or standing over any spellbooks.
Unknown command.
Are you sure you want to abandon this character and quit the game? (Confirm with "yes".)

.######(.#
#.#.....#.##.
.......(.#
#.#...###....
.......(.#
#............
.......(##
####..#######
.######(# ####
.######.##♣♣♣♣♣
.......)....♣.♣♣♣ ###
.######......♣..♣#...#
.#####......♣♣♣♣@'.g.#
...........♣♣ ♣♣#..)#
##########♣♣ ###


You could see Crazy Yiuf.

Vanquished Creatures
  Pikel (D:4)
  Sigmund (D:4)
  Eustachio (D:3)
  4 slaves (D:4)
  An ice beast (D:5)
  A sky beast (D:5)
  The ghost of Hanibal the Covered, an amateur MiFi (D:3)
  A centaur (D:5)
  A crimson imp (D:4)
  A centaur zombie (D:3)
  A centaur skeleton (D:5)
  A hound (D:4)
  An orc priest (D:5)
  2 orc wizards
  Jessica (D:2)
  Natasha (thrice) (D:2)
  3 iguanas (D:4)
  A worker ant (D:4)
  10 adders
  An ooze (D:3)
  3 worms
  2 leopard geckos (D:3)
  9 orcs
  2 ball pythons
  2 bats (D:2)
  3 giant cockroaches
  4 goblins
  6 hobgoblins
  2 quokkas
  4 frilled lizards
  2 kobolds
  3 rats
79 creatures vanquished.

Notes
Turn   | Place    | Note
-------+----------+-------------------------------------------
     0 | D:1      | Jerry the Minotaur Berserker began the quest for the Orb.
     0 | D:1      | Reached XP level 1. HP: 19/19 MP: 0/0
   980 | D:2      | Reached skill level 4 in Axes
  1063 | D:2      | Reached XP level 2. HP: 27/27 MP: 1/1
  1108 | D:2      | Noticed Natasha
  1116 | D:2      | Killed Natasha
  1116 | D:2      | Reached XP level 3. HP: 25/33 MP: 2/2
  1139 | D:2      | Found a faded altar of an unknown god.
  1163 | D:2      | Noticed Natasha
  1172 | D:2      | Killed Natasha
  1172 | D:2      | Reached skill level 5 in Axes
  1172 | D:2      | Reached XP level 4. HP: 36/41 MP: 3/3
  1262 | D:2      | Noticed Jessica
  1270 | D:2      | Killed Jessica
  1557 | D:2      | Noticed Natasha
  1569 | D:2      | Killed Natasha
  1569 | D:2      | Reached XP level 5. HP: 23/47 MP: 4/4
  1887 | D:3      | Reached ** piety under Trog
  1920 | D:3      | Found a stormy altar of Qazlal.
  1921 | D:3      | Noticed an air elemental
  1921 | D:3      | Noticed a water elemental
  1921 | D:3      | Noticed a fire elemental
  2164 | D:3      | Noticed Hanibal's ghost (amateur MiFi)
  2174 | D:3      | Reached skill level 6 in Axes
  2176 | D:3      | Killed Hanibal's ghost
  2176 | D:3      | Reached skill level 5 in Fighting
  2176 | D:3      | Reached XP level 6. HP: 56/56 MP: 5/5
  2642 | D:4      | Found Gagiur's Distillery.
  2651 | D:4      | Bought a potion of agility for 48 gold pieces
  2651 | D:4      | Bought a potion of might for 48 gold pieces
  2651 | D:4      | Bought a potion of curing for 36 gold pieces
  2651 | D:4      | Bought a potion of heal wounds for 60 gold pieces
  2775 | D:4      | Noticed a slave
  2790 | D:4      | Killed a slave
  2845 | D:4      | Noticed Sigmund
  2852 | D:4      | Killed Sigmund
  2852 | D:4      | Reached skill level 7 in Axes
  2852 | D:4      | Reached skill level 5 in Armour
  2979 | D:4      | Reached XP level 7. HP: 47/61 MP: 6/6
  3189 | D:4      | Found Yweducue's Assorted Antiques.
  3268 | D:4      | Noticed Eustachio
  3325 | D:3      | Killed Eustachio
  3325 | D:3      | Reached skill level 8 in Axes
  3386 | D:4      | Found Jodd's General Store.
  3523 | D:4      | Noticed Pikel
  3530 | D:4      | Killed Pikel
  3530 | D:4      | Reached skill level 9 in Axes
  3530 | D:4      | Reached XP level 8. HP: 71/71 MP: 7/7
  4224 | D:5      | Entered Level 5 of the Dungeon
  4233 | D:5      | Reached *** piety under Trog
  4742 | D:5      | Found a runed door.
  4993 | D:5      | Was placed under penance by Trog
  4995 | D:5      | Learned a level 1 spell: Animate Skeleton
  4997 | D:5      | Learned a level 1 spell: Apportation
  5256 | D:5      | Reached skill level 10 in Axes
  5446 | D:5      | Noticed Crazy Yiuf
  5447 | D:5      | Quit the game

Skill      XL: |  1  2  3  4  5  6  7  8 |
---------------+-------------------------+-----
Axes           | 4 5 6 7 9 10 | 10.0
Fighting       | 4 5 6 7 |  7.4
Armour         | 3 4 5 6 7 |  7.2
Dodging        | |  2.1

Action                   |  1- 3 |  4- 6 |  7- 9 || total
-------------------------+-------+-------+-------++-------
Melee: Hand axe          |    37 |    92 |   122 ||   251
       Headbutt          |     4 |    13 |    21 ||    38
Invok: Berserk           |       |     3 |     4 ||     7
       Trog's Hand       |       |     1 |       ||     1
       Burn Spellbooks   |       |       |     2 ||     2
  Use: Scroll            |       |       |     3 ||     3
  Eat: Chunk             |     1 |     9 |     9 ||    19
       Fruit             |       |       |     3 ||     3
Armor: Ring mail         |     9 |    30 |    40 ||    79
Dodge: Dodged            |    19 |    49 |    48 ||   116
